 Dungeon Crawl Stone Soup version 0.28-a0-834-g1a73be5ee4 (webtiles) character file.

Game seed: 17604546972403718353

216 croobank the Digger (level 5, -3/40 HPs)
             Began as a Draconian Earth Elementalist on Nov 12, 2021.
             Was an Initiate of the Shining One.
             Slain by an iguana (12 damage)
             ... on level 4 of the Dungeon.
             The game lasted 00:17:37 (3593 turns).

croobank the Digger (Draconian Earth Elementalist)  Turns: 3593, Time: 00:17:37

Health: -3/40      AC:  5    Str: 12    XL:     5   Next: 61%
Magic:  9/9        EV: 12    Int: 15    God:    the Shining One [......]
Gold:   30         SH:  0    Dex: 11    Spells: 3/10 levels left

rFire   + . .      SeeInvis .   b - +0 hand axe
rCold   . . .      Faith    .   (no shield)
rNeg    . . .      Spirit   .   (armour unavailable)
rPois   .          Reflect  .   (helmet restricted)
rElec   .          Harm     .   (no cloak)
rCorr   .          Rampage  .   (no gloves)
Will    .....                   (no boots)
Stlth   +.........              d - amulet of the acrobat
HPRegen 0.13/turn               g - ring of protection from fire
MPRegen 0.11/turn               (no ring)

@: glowing
A: AC +5, unfitting armour, cold-blooded
a: Renounce Religion


You were on level 4 of the Dungeon.
You worshipped the Shining One.
The Shining One was noncommittal.
You visited 1 branch of the dungeon, and saw 4 of its levels.

You collected 135 gold pieces.
You spent 105 gold pieces at shops.

Inventory:

Hand Weapons
 a - a +0 dagger
 b - a +0 hand axe (weapon)
 c - a +0 quarterstaff
 e - a +0 short sword
Missiles
 h - 10 stones
Jewellery
 d - an amulet of the acrobat (around neck)
 g - a ring of protection from fire (left hand)
Wands
 j - a wand of flame (22)
Scrolls
 i - a scroll of fear
 k - a scroll of blinking {unknown}
Potions
 f - 2 potions of might {unknown}


   Skills:
 + Level 1.4 Fighting
 + Level 2.4 Short Blades
 + Level 0.2 Axes
 + Level 2.2 Dodging
 + Level 2.5 Stealth
 + Level 3.3 Spellcasting
 + Level 1.0 Transmutations
 + Level 3.8 Earth Magic


You had 3 spell levels left.
You knew the following spells:

 Your Spells              Type           Power      Damage    Failure   Level
a - Sandblast             Erth           26%        2d8       4%          1
b - Passwall              Tmut/Erth      7%         N/A       11%         2
c - Foxfire               Conj/Fire      8%         2x1d4     21%         1
d - Stone Arrow           Conj/Erth      16%        3d8       26%         3

Your spell library contained the following spells:

 Spells                   Type           Power      Damage    Failure   Level
 Conjure Flame            Conj/Fire      2%         6-21      52%         3
 Inner Flame              Hex/Fire       2%         N/A       52%         3
 Petrify                  Tmut/Erth      9%         N/A       58%         4
 Flame Wave               Conj/Fire      2%         3d3       89%         4


Dungeon Overview and Level Annotations

Branches:
Dungeon (4/15)
 Temple: D:4-7

Altars:
Gozag
Trog
Wu Jian
The Shining One

Shops:
D:2 [   D:4 [*


Innate Abilities, Weirdness & Mutations

Your plain brown scales are hard. (AC +5)
You cannot fit into any form of body armour.
You are cold-blooded and may be slowed by cold attacks.


Message History

You see here a book of Geomancy.
The orc completely misses you.
You barely miss the orc. The orc hits you with a +0 mace.
The orc closely misses you.
You barely miss the orc. The orc misses you.
You hit the orc.
The orc is almost dead.
The orc hits you with a +0 mace.
You closely miss the orc. You tail-slap the orc.
You kill the orc!
Things that are here:
a +0 mace; an orc corpse A kobold comes into view.
It is wielding a +0 whip.
You hit the kobold but do no damage. The kobold closely misses you.
You hit the kobold.
Your tail-slap misses the kobold.
The kobold is severely wounded.
The kobold barely misses you.
You hit the kobold.
You kill the kobold!
An iguana comes into view.
The iguana hisses angrily.
You see here a +0 whip.
You barely miss the iguana. The iguana bites you.
You hit the iguana but do no damage. The iguana barely misses you.
You hit the iguana but do no damage. You tail-slap the iguana.
The iguana is moderately wounded.
The iguana bites you! The iguana closely misses you.
You hit the iguana.
The iguana is moderately wounded.
The iguana misses you.
You hit the iguana.
You tail-slap the iguana, but do no damage.
The iguana is heavily wounded.
The iguana bites you.
You hit the iguana but do no damage.
The iguana is heavily wounded.
The iguana bites you!
* * * LOW HITPOINT WARNING * * *
The iguana bites you!
You die...

####.#.## ## .........
.# ##...##..# .#
##.##..... .#
#####..##.....## .# .#
.......##.####.##.##..##
#...........#.:.#......#
#####...####.#.#)##
#...#....###@.#
##...####..l#..#
###.##.#..##.###...
###...# ).# #.# .....
##.....# ## ## ....
#..##....# ...
..###...## ... ..# #...#
.## ##..#


You could see an iguana.

Vanquished Creatures
  A phantom (D:2)
  An orc priest (D:3)
  5 adders
  A worm (D:2)
  6 orcs
  2 ball pythons (D:1)
  7 endoplasms
  4 giant cockroaches
  3 goblins
  8 hobgoblins
  3 quokkas
  2 bats
  2 frilled lizards
  5 kobolds
  3 rats (D:1)
53 creatures vanquished.

Vanquished Creatures (others)
  6 demonic plants (D:1)
  2 fungi (D:1)
  4 plants (D:1)
  2 withered plants (D:1)
14 creatures vanquished.

Grand Total: 67 creatures vanquished

Notes
Turn   | Place    | Note
-------+----------+-------------------------------------------
     0 | D:1      | croobank the Draconian Earth Elementalist began the quest
                  | for the Orb.
     0 | D:1      | Reached XP level 1. HP: 14/14 MP: 3/3
   116 | D:1      | Found a faded altar of an unknown god.
   537 | D:1      | Reached XP level 2. HP: 22/22 MP: 3/5
   607 | D:1      | Learned a level 2 spell: Passwall
  1180 | D:1      | Learned a level 1 spell: Foxfire
  1217 | D:2      | Found a glowing golden altar of the Shining One.
  1226 | D:2      | Reached XP level 3. HP: 21/27 MP: 2/7
  1369 | D:3      | Reached skill level 1 in Short Blades
  1485 | D:3      | Noticed a phantom
  1532 | D:2      | Found Rievonk's Antique Armour Shop.
  1749 | D:2      | Reached XP level 4. HP: 34/34 MP: 6/8
  2099 | D:2      | HP: 1/34 [phantom (6)]
  2104 | D:2      | Killed a phantom
  2105 | D:2      | Reached skill level 1 in Fighting
  2105 | D:2      | Reached XP level 5. HP: 4/40 MP: 9/9
  2476 | D:2      | Became a worshipper of the Shining One
  2481 | D:2      | Learned a level 3 spell: Stone Arrow
  3026 | D:3      | Found a glowing golden altar of the Shining One.
  3028 | D:3      | Found an opulent altar of Gozag.
  3029 | D:3      | Found an ornate altar of the Wu Jian Council.
  3029 | D:3      | Found a bloodstained altar of Trog.
  3464 | D:4      | Found Esompa's Antique Armour Shop.
  3464 | D:4      | Found Fentoa's Assorted Antiques.
  3502 | D:4      | Bought a notched pearl ring for 105 gold pieces
  3593 | D:4      | Slain by an iguana

Illustrated notes

Levels and vault maps discovered:
D:1:      onia_arrival_pentagram, layout_basic, shapermc_ecumenical_altar_gd
D:2:      layout_basic, serial_shops, nicolae_shop_statue_plus, basic_altar,
          chequers_hall_statues_y
D:3:      cheibrodos_pilgrimage, layout_loops_cross, grunt_temple_overflow_open
D:4:      layout_layer_cave, slow_altar_2, kennysheep_orc_sif_temple,
          serial_shops, shop_fountains, nicolae_shop_window_shopping,
          nicolae_shop_trees, shop_statue, nicolae_stop_n_shop_2, st_stairs_2,
          minmay_pentomino_pile

Skill      XL: |  1  2  3  4 |
---------------+-------------+-----
Short Blades   | 1 2 |  2.4
Stealth        | 2 |  2.5
Spellcasting   | 3 |  3.3
Fighting       | 1 |  1.4
Dodging        | 2 |  2.2
Axes           | |  0.2
Transmutations | |  1.0
Earth Magic    | |  3.8

Action                   |  1- 3 |  4- 6 || total
-------------------------+-------+-------++-------
Melee: Dagger            |    14 |       ||    14
       Tailslap          |     7 |    11 ||    18
       Short sword       |    64 |    60 ||   124
       Hand axe          |       |    38 ||    38
 Cast: Sandblast         |    32 |     4 ||    36
  Use: Potion            |       |     4 ||     4
       Scroll            |       |     4 ||     4
 Stab: Sleeping          |     3 |     1 ||     4
Armor: Skin              |    28 |    21 ||    49
Dodge: Dodged            |    69 |    75 ||   144

Table legend: (Time is in decaauts)
 A = Elapsed time spent in this place.
 B = Non-inter-level travel time spent in this place.
 C = Inter-level travel time spent in this place.
 D = Time resting spent in this place.
 E = Time spent auto-exploring this place.
 F = Levels seen in this place.
 G = Mean time per level.
                   A        B        C        D        E       F      G
               +--------+--------+--------+--------+--------+-----+--------+
         Total |   3614 |   3547 |     67 |    941 |   1821 |   4 |  903.5 |
       Dungeon |   3614 |   3547 |     67 |    941 |   1821 |   4 |  903.5 |
               +--------+--------+--------+--------+--------+-----+--------+

Top non-repeatable levels by time:
     D:2: 1621 daAuts
     D:1: 1153 daAuts
     D:3: 706 daAuts
     D:4: 132 daAuts
